AoeStats
← Chris

Arabia

509810726Analyzed
1v1 RM · 5d ago on Sep 28, 2026· 30m 14s· 2 players
Game mode
Random Map
Map size
Tiny (2 player)
Population
200
Speed
Normal
Resources
Standard
Victory
Conquest
Starting age
Dark Age
Ending age
Imperial Age
RankedLock teamsTeams togetherTeam positionsShared explorationLock speedFull tech treeHidden civsTurbo modeCheats
Victory
Defeat
🇨🇳 Saracens · China
1074
+15
🇺🇸 Armenians · United States
1049
-15
Chris
3:11 Loom
9:46 Feudal Age
9:49 Man-at-Arms
13:34 Long Swordsman
29:03 Pikeman
T - T
6:32 Loom
9:58 Feudal Age
21:33 Castle Age
28:46 Crossbowman
Connection lost

Rejoining the realm…

Still unreachable

The connection could not be restored.

Session expired

The server has moved on; the page needs a fresh start.